Unix NetHack Version 5.0.0-0 post-release - last build May  4 2026 22:22:43 (774f63e81ad911689b3a0859ea89b322d5daca8d,branch:main).

Game began 2026-05-06 17:26:56, ended 2026-05-06 17:35:24.

Ackbladder, neutral male gnomish Wizard

                       -----    ----------------
                       |%%@.#f##..<....F........
                       |..G|#   |...........$..|
                       ...\|    ----------------
                       -----

Ackbladder the Conjurer   St:8 Dx:18 Co:14 In:19 Wi:9 Ch:8  Neutral
Dlvl:5  $:64 HP:0(32) Pw:9(37) AC:9  Xp:4 T:1549 

Latest messages:
 You miss the newt.
 You miss the newt.
 You kill the newt!
 You descend the stairs.
 In what direction? 4
 The spell hits the goblin!
 You kill the goblin!
 The spell hits the hobgoblin!
 You kill the hobgoblin!
 A pink potion shatters!
 You enter an opulent throne room!
 The gnome lady wakes up!
 The hobgoblin wakes up!
 The large kobold wakes up!
 The large kobold picks up an iron skull cap.
 The large kobold puts on an iron skull cap.
 In what direction? 4
 The spell hits the gnome lady!
 In what direction? 4
 The spell hits the gnome lady!
 The spell hits the hobgoblin!
 You kill the hobgoblin!
 The gnome lady hits!
 You kill the gnome lady!
 Welcome to experience level 4.
 The large kobold picks up 2 tripe rations.
 You hit the large kobold!
 The large kobold hits!
 You kill the large kobold!
 A - 2 tripe rations.
 The hobgoblin wakes up!
 You kill the hobgoblin!
 You hear a door open.
 In what direction? 2
 The spell hits the gnome queen!
 The gnome queen wakes up!
 The gnome queen screams!
 In what direction? 2
 The spell hits the gnome queen!
 The gnome queen wields a mace!
 You hit the gnome queen.
 The gnome queen swings her mace.
 The gnome queen hits!
 In what direction? 2
 The spell hits the gnome queen!
 The gnome queen swings her mace.
 The gnome queen hits!
 You die...
 Do you want your possessions identified? [ynq] (y) y
 Do you want to see your attributes? [ynq] (y) q

Inventory:
 Coins    ('$')
  $ - 64 gold pieces
 Weapons  (')')
  a - a blessed +1 quarterstaff (weapon in hands)
 Armor    ('[')
  b - a blessed +0 cloak of magic resistance (being worn)
 Comestibles  ('%')
  s - an uncursed cram ration
  A - 2 uncursed tripe rations
 Scrolls  ('?')
  i - a blessed scroll of create monster
  y - an uncursed scroll of identify
  h - 2 uncursed scrolls of light
  j - an uncursed scroll of remove curse
  o - an uncursed scroll of teleportation
 Spellbooks  ('+')
  k - a blessed spellbook of force bolt
  l - an uncursed spellbook of light
 Potions  ('!')
  x - an uncursed potion of blindness
  g - an uncursed potion of booze
  f - 3 uncursed potions of confusion
  q - an uncursed potion of object detection
  v - 2 uncursed potions of paralysis
 Rings    ('=')
  u - a cursed ring of see invisible
  d - an uncursed ring of sustain ability
  e - an uncursed ring of warning
 Wands    ('/')
  t - a wand of locking (0:7)
  c - a wand of polymorph (0:7)
 Tools    ('(')
  r - an empty uncursed sack
  m - a magic marker (0:22)
  p - an uncursed towel
  w - an uncursed towel
 Gems/Stones  ('*')
  z - an uncursed worthless piece of orange glass

Ackbladder the Wizard's attributes:

Background:
 You were a Conjurer, a level 4 male gnomish Wizard.
 You were neutral, on a mission for Thoth
 who was opposed by Ptah (lawful) and Anhur (chaotic).
 You were right-handed.
 You were in the Dungeons of Doom, on level 5.
 You entered the dungeon 1549 turns ago.
 You had 96 experience points, 64 more were needed to attain level 5.

Basics:
 You had 0 out of 32 hit points.
 You had 9 out of 37 energy points (spell power).
 Your armor class was 9.
 Your wallet contained 64 zorkmids.
 Autopickup was off.

Final Characteristics:
 Your strength was 8 (limit:18/50).
 Your dexterity was 18 (limit:18).
 Your constitution was 14 (limit:18).
 Your intelligence was 19 (limit:19).
 Your wisdom was 9 (limit:18).
 Your charisma was 8 (limit:18).

Final Status:
 You weren't hungry.
 You were unencumbered.
 You were wielding a quarterstaff.
 You had basic skill with quarterstaff.

Final Attributes:
 You were devoutly aligned.
 You were magic-protected.
 You had infravision.
 You were warded.
 You are dead.

Miscellaneous:
 You didn't encounter any bones levels.
 Total elapsed playing time was 8 minutes and 28 seconds.

Major events:
 Turn
    1: Ackbladder the neutral male gnomish Wizard entered the dungeon
  537: entered the Gnomish Mines
 1411: attained the rank of Conjurer (level 3)
 1549: killed by a gnome queen

Spells:
 Name                 Level Category     Fail Retention
 force bolt             1   attack         0%  91%-100%
 light                  1   divination     0%  76%-100%

Skills:
 Fighting Skills
   bare handed combat [Unskilled]
   riding             [Unskilled]
 Weapon Skills
   dagger             [Unskilled]
   knife              [Unskilled]
   axe                [Unskilled]
   short sword        [Unskilled]
   club               [Unskilled]
   mace               [Unskilled]
   quarterstaff       [Basic]
   polearms           [Unskilled]
   spear              [Unskilled]
   trident            [Unskilled]
   sling              [Unskilled]
   dart               [Unskilled]
   shuriken           [Unskilled]
 Spellcasting Skills
   attack spells      [Basic]
   healing spells     [Unskilled]
   divination spells  [Unskilled]
   enchantment spells [Basic]
   clerical spells    [Unskilled]
   escape spells      [Unskilled]
   matter spells      [Unskilled]

Voluntary challenges:
 Character rerolling was not enabled.
 You were illiterate.
 You never genocided any monsters.
 You never polymorphed an object.
 You never changed form.
 You used no wishes.
Achievements:
 You entered the Gnomish Mines.
 You attained the rank of Conjurer.

 The Dungeons of Doom: levels 1 to 5
    Level 1:
    Level 2:
       Stairs down to The Gnomish Mines.
    Level 3:
       An altar to Thoth.
    Level 4:
    Level 5: <- You were here.
       A throne.
       Final resting place for
          you, killed by a gnome queen.
 The Gnomish Mines:
    Level 3:


Vanquished creatures:
  a shrieker
  a gnome leader
 an acid blob
  a large kobold
  3 hobgoblins
  2 giant rats
  a yellow mold
  3 geckos
  5 jackals
  2 goblins
  a sewer rat
  3 grid bugs
  a bat
  a lichen
  2 newts
28 creatures vanquished.

No species were genocided or became extinct.

Game over:
                       ----------
                      /          \
                     /    REST    \
                    /      IN      \
                   /     PEACE      \
                  /                  \
                  |    Ackbladder    |
                  |      64 Au       |
                  |   killed by a    |
                  |   gnome queen    |
                  |                  |
                  |                  |
                  |       2026       |
                 *|     *  *  *      | *
        _________)/\\_//(\/(/\)/\//\/|_)_______

Goodbye Ackbladder the Wizard...

You died in The Dungeons of Doom on dungeon level 5 with 642 points,
and 64 pieces of gold, after 1549 moves.
You were level 4 with a maximum of 32 hit points when you died.

